 Dungeon Crawl Stone Soup version 0.31.0-32-g396128a36d (webtiles) character file.

Game seed: 4102324599517981212

923 Strk the Changeling (level 8, -7/57 HPs)
             Began as an Octopode Shapeshifter on Mar 26, 2024.
             Was a Follower of Yredelemnul.
             Mangled by a phantom (8 damage)
             ... on level 5 of the Dungeon.
             The game lasted 00:05:12 (4773 turns).

Strk the Changeling (Octopode Shapeshifter)         Turns: 4773, Time: 00:05:13

Health: -7/57      AC: -11   Str: 14    XL:     8   Next: 10%
Magic:  8/8        EV: 13    Int: 12    God:    Yredelemnul [*.....]
Gold:   184        SH:  0    Dex: 13    Spells: 7/7 levels left

rFire   . .          .
                       - Unarmed
rCold   . . .        (no shield)
rNeg    . . .        (helmet currently unavailable)
rPois   .            m - amulet of faith {!P}
rElec   .            Y - +4 ring of slaying
rCorr   .            (no ring)
SInv    .            (no ring)
Will    .....        (no ring)
Stlth   ++           (no ring)
HPRegen 0.29/turn    (no ring)
MPRegen 0.11/turn    (no ring)
                     (no ring)

%: faith
@: mighty, beast-form, corroded
A: beast (slay +3), almost no armour, amphibious, 8 rings, camouflage 1,
gelatinous body 1, (nimble swimmer 1), tentacles
a: Begin Untransformation, Renounce Religion, Recall Undead Harvest


You were on level 5 of the Dungeon.
You worshipped Yredelemnul.
Yredelemnul was noncommittal.
You were a hulking beast.
You visited 1 branch of the dungeon, and saw 5 of its levels.

You collected 184 gold pieces.


Innate Abilities, Weirdness & Mutations

You are a hulking beast.
Your limbs bulge with bestial killing power. (Slay +3)
You cannot wear most types of armour.
You are amphibious.
You can wear up to eight rings at the same time.
Your skin changes colour to match your surroundings (Stealth+).
Your rubbery body absorbs attacks. (AC +1, EV +1)
((You are camouflaged when in or above water. (Stealth+)))
You have tentacles for arms and can constrict up to eight enemies at once.


   Skills:
 - Level 6.0 Fighting
 - Level 2.0 Dodging
 - Level 3.0 Unarmed Combat
 + Level 0.7 Invocations
 + Level 6.7 Shapeshifting


You had 7 spell levels left.
You didn't know any spells.
Your spell library contained the following spells:

 Spells                   Type           Power      Damage    Failure   Level
 Call Imp                 Summ           0%         N/A       45%         2
 Sublimation of Blood     Necr           0%         N/A       45%         2
 Hailstorm                Conj/Ice       0%         3d5       69%         3
 Summon Ice Beast         Ice/Summ       0%         N/A       69%         3
 Sculpt Simulacrum        Ice/Alch       0%         N/A       100%        6
 Summon Hydra             Summ           0%         N/A       100%        7

Inventory:

Missiles
 h - 11 poisoned darts (quivered)
Jewellery
 c - a ring of ice
 m - an amulet of faith (around mantle) {!P}
 C - a ring of ice
 Y - a +4 ring of slaying (left tentacle)
Talismans
 b - a beast talisman
 v - a flux talisman
Scrolls
 d - 5 scrolls of identify {unknown}
 f - 3 scrolls of teleportation {unknown}
 g - a scroll of enchant weapon {unknown}
 i - a scroll of blinking {unknown}
 k - a scroll of enchant armour {unknown}
 l - 2 scrolls of amnesia {unknown}
 s - a scroll of brand weapon {unknown}
 t - a scroll of revelation {unknown}
 w - a scroll of vulnerability {unknown}
 x - a scroll of fog {unknown}
 y - a scroll of immolation
 z - a scroll of fear {unknown}
Potions
 a - 2 potions of lignification
 e - a potion of curing {unknown}
 j - a potion of attraction {unknown}
 n - a potion of mutation {unknown}
 o - 4 potions of might
 p - a potion of brilliance {unknown}
 q - a potion of magic {unknown}
 r - a potion of ambrosia {unknown}
 u - a potion of enlightenment {unknown}

Dungeon Overview and Level Annotations

Branches:
Dungeon (5/15)
 Temple: D:4-7

Altars:
Dithmenos
Nemelex Xobeh
Yredelemnul

Annotations:
D:5 1 runed translucent door, seawaffle's ghost, novice GrHu

## ###############...
(..........#.....
.......Wh........ ...).
.......§......... ..... ....###
................. ..... .......
................. ...(.
......#######......#..... #.....
......▒~ #.....Z.#########.....
......#~ #§....Z.Z.............
......▒.####....$................
......# .~.#.....#.....ZZ........


You could see a phantom (ally target), a friendly iguana zombie, a friendly
jelly zombie and a friendly orc zombie.


Message History

Unknown command.
You tentacle-slap the phantom but do no damage.
You squeeze the phantom, but do no damage.
The phantom is moderately damaged.
The phantom hits you.
* * * LOW HITPOINT WARNING * * *
The phantom blinks!
You blink.
The phantom attacks as it pursues you! The phantom hits you.
* * * LOW HITPOINT WARNING * * *
Unknown command.
Found 7 stones.
The phantom barely misses you.
Unknown command.
You tentacle-slap the phantom but do no damage.
The phantom is moderately damaged.
The phantom hits you!
* * * LOW HITPOINT WARNING * * *
The phantom blinks!
You blink.
Unknown command.
You tentacle-slap the phantom but do no damage.
The phantom is moderately damaged.
The phantom hits you!
* * * LOW HITPOINT WARNING * * *
The phantom blinks!
You blink.
You can no longer trade souls for undead servants.
Unknown command.
It was a potion of might.
You feel very mighty all of a sudden. The phantom hits you!
You die...
Your body rises from the dead as a mindless zombie.

Skill      XL: |  1  2  3  4  5  6  7 |
---------------+----------------------+-----
Fighting       | 2 3 4 5 6 |  6.0
Shapeshifting  | 4 5 6 |  6.7
Dodging        | |  2.0
Unarmed Combat | |  3.0
Invocations    | |  0.7

Action                     |  1- 3 |  4- 6 |  7- 9 || total
---------------------------+-------+-------+-------++-------
  Melee: Unarmed           |    61 |    88 |    45 ||   194
         Constrict         |    16 |    29 |     9 ||    54
         Tentacles         |     7 |    18 |    17 ||    42
         Punch             |       |     3 |     2 ||     5
    Use: Potion            |       |       |     1 ||     1
   Stab: Sleeping          |     5 |    10 |       ||    15
 Armour: Skin              |    30 |    35 |    24 ||    89
  Dodge: Dodged            |    32 |    47 |    31 ||   110

Levels and vault maps discovered:
D:1:      dpeg_arrival_refuge, layout_basic, corexii_item_surrounded_by_moat
D:2:      layout_rooms, nicolae_ecumenical_oubliette
D:3:      layout_basic
D:4:      layout_layer_cave, nemelex_spade_bored_becter,
          mainiacjoe_overflow_chevrons, nicolae_zig_zag_zippers
D:5:      layout_basic, ebering_ghost_inner_flame, serial_aquarium,
          aquarium_bridge_island_large [aquarium_subvault_large_water,
          aquarium_subvault_window, aquarium_subvault_bridge,
          aquarium_subvault_window, aquarium_subvault_balcony],
          aquarium_window_corner, aquarium_window_fake, aquarium_window_fake,
          aquarium_view_2d, aquarium_balcony_5b, aquarium_pool_2

Notes
Turn   | Place    | Note
-------+----------+-------------------------------------------
     0 | D:1      | Strk the Octopode Shapeshifter began the quest for the Orb.
     0 | D:1      | Reached XP level 1. HP: 13/13 MP: 1/1
    73 | D:1      | Reached skill level 2 in Fighting
    73 | D:1      | Reached XP level 2. HP: 19/19 MP: 2/2
   341 | D:1      | Reached XP level 3. HP: 24/25 MP: 3/3
   360 | D:1      | Reached skill level 3 in Fighting
   866 | D:2      | Found a faded altar of an unknown god.
   869 | D:2      | Prayed at the altar of an unknown god.
   869 | D:2      | Became a worshipper of Yredelemnul the Dark
   869 | D:2      | Reached * piety under Yredelemnul
  1114 | D:2      | Reached XP level 4. HP: 33/33 MP: 4/4
  1284 | D:2      | Reached ** piety under Yredelemnul
  1284 | D:2      | Reached skill level 4 in Fighting
  1761 | D:3      | Reached XP level 5. HP: 35/38 MP: 5/5
  2285 | D:3      | Reached *** piety under Yredelemnul
  2688 | D:4      | Noticed an ogre
  2694 | D:4      | Killed an ogre
  2695 | D:4      | Reached skill level 5 in Fighting
  2695 | D:4      | Reached skill level 4 in Shapeshifting
  2695 | D:4      | Reached XP level 6. HP: 45/45 MP: 6/6
  3209 | D:4      | Found a shadowy altar of Dithmenos.
  3432 | D:4      | Reached skill level 5 in Shapeshifting
  3573 | D:4      | Found a sparkling altar of Nemelex Xobeh.
  3913 | D:5      | Entered Level 5 of the Dungeon
  3913 | D:5      | Noticed an ice beast
  3916 | D:5      | Reached XP level 7. HP: 50/50 MP: 7/7
  4274 | D:5      | Reached skill level 6 in Fighting
  4404 | D:5      | Reached skill level 6 in Shapeshifting
  4442 | D:5      | Reached **** piety under Yredelemnul
  4450 | D:5      | Reached XP level 8. HP: 31/57 MP: 8/8
  4546 | D:5      | Found a runed translucent door.
  4549 | D:5      | Noticed seawaffle's ghost (novice GrHu)
  4772 | D:5      | HP: 1/57 [phantom (7)]
  4773 | D:5      | Mangled by a phantom

Vanquished Creatures
  A black bear (D:5)
  An ice beast (D:5)
  An ogre (D:4)
  2 scorpions (D:5)
  2 jellies
  2 bombardier beetles
  4 hounds
  An iguana (D:5)
  An orc wizard (D:3)
  8 adders
  3 gnolls (D:3)
  7 dart slugs
  10 orcs
  7 ball pythons
  3 endoplasms
  A giant cockroach (D:3)
  6 goblins
  13 hobgoblins
  7 jackals
  4 quokkas
  7 bats
  5 frilled lizards
  6 kobolds
  4 rats
106 creatures vanquished.

Vanquished Creatures (collateral kills)
  A sleepcap (D:5)
  3 orcs (D:5)
  A goblin (D:3)
  A rat (D:3)
6 creatures vanquished.

Vanquished Creatures (others)
  An adder zombie (D:5)
  2 gnoll zombies (D:3)
  An orc zombie (D:5)
4 creatures vanquished.

Grand Total: 116 creatures vanquished

Table legend: (Time is in decaauts)
 A = Elapsed time spent in this place.
 B = Non-inter-level travel time spent in this place.
 C = Inter-level travel time spent in this place.
 D = Time resting spent in this place.
 E = Time spent auto-exploring this place.
 F = Levels seen in this place.
 G = Mean time per level.
                   A        B        C        D        E       F      G
               +--------+--------+--------+--------+--------+-----+--------+
         Total |   4763 |   4564 |    199 |    333 |   3545 |   5 |  952.6 |
       Dungeon |   4763 |   4564 |    199 |    333 |   3545 |   5 |  952.6 |
               +--------+--------+--------+--------+--------+-----+--------+

Top non-repeatable levels by time:
     D:4: 1264 daAuts
     D:3: 983 daAuts
     D:1: 873 daAuts
     D:5: 856 daAuts
     D:2: 784 daAuts

Table legend:
 A = Non-vault XP
 B = Vault XP
 C = Vault XP percentage of total XP
 D = Non-vault monster count
 E = Vault monster count
 F = Vault count percentage of total count
                 A         B        C        D         E       F
            +---------+---------+-------+---------+---------+-------
      Total |    1319 |       0 |   0.0 |     112 |       0 |   0.0
            +---------+---------+-------+---------+---------+-------
        D:1 |      51 |       0 |   0.0 |      27 |       0 |   0.0
        D:2 |      59 |       0 |   0.0 |      24 |       0 |   0.0
        D:3 |     186 |       0 |   0.0 |      21 |       0 |   0.0
        D:4 |     286 |       0 |   0.0 |      21 |       0 |   0.0
        D:5 |     737 |       0 |   0.0 |      19 |       0 |   0.0
            +---------+---------+-------+---------+---------+-------
